 Dungeon Crawl Stone Soup version 0.30.0-29-ga12c61a403 (webtiles) character file.

Game seed: 8518741018642117970

791 LynnLen the Covert (level 7, 0/32 HPs)
             Began as a Spriggan Enchanter on June 14, 2023.
             Succumbed to a goblin's poison
             ... on level 3 of the Dungeon.
             The game lasted 00:22:23 (5906 turns).

LynnLen the Covert (Spriggan Enchanter)             Turns: 5906, Time: 00:22:23

Health: 0/32       AC:  2    Str:  4    XL:     7   Next: 57%
Magic:  7/16       EV: 17    Int: 18    God:
Gold:   157        SH:  0    Dex: 16    Spells: 4/17 levels left

rFire   + . .        a - +1 dagger
rCold   + . .        (no shield)
rNeg    . . .        b - +0 robe
rPois   .            (helmet restricted)
rElec   .            r - scarf {rC+ rF+}
rCorr   .            (gloves unavailable)
SInv    +            (boots unavailable)
Will    .....        (no amulet)
Stlth   ++++         (no ring)
HPRegen 0.25/turn    (no ring)
MPRegen 0.15/turn

%: no passive effects
@: lethally poisoned (0 -> -3), weak-willed, invisible, very quick
A: very small, no large weapons, unfitting armour, see invisible, speed 3
a: no special abilities


You were on level 3 of the Dungeon.
You visited 1 branch of the dungeon, and saw 4 of its levels.

You collected 157 gold pieces.

Inventory:

Hand Weapons
 a - a +1 dagger (weapon)
 k - a +0 sling
 q - a +0 vampiric spear
Missiles
 f - 21 stones (quivered)
 l - 6 poisoned darts
 m - 5 throwing nets
Armour
 b - a +0 robe (worn)
 r - a scarf of resistance (worn)
Scrolls
 d - a scroll of identify
 g - a scroll of noise {unknown}
 i - 2 scrolls of vulnerability
 j - a scroll of fear {unknown}
 n - a scroll of enchant armour {unknown}
 p - a scroll of torment {unknown}
Potions
 e - a potion of curing
 h - a potion of berserk rage
 o - 2 potions of attraction {unknown}
 s - a potion of mutation {unknown}


   Skills:
 - Level 1.1 Short Blades
 - Level 2.6 Dodging
 + Level 9.7 Stealth
 + Level 5.9 Spellcasting
 + Level 6.4 Hexes
 + Level 0.3 Ice Magic
 * Level 0.7 Poison Magic


You had 4 spell levels left.
You knew the following spells:

 Your Spells              Type           Power      Damage    Failure   Level
a - Ensorcelled Hibernat  Hex/Ice        34%        N/A       4%          2
b - Confusing Touch       Hex            28%        N/A       2%          3
c - Tukima's Dance        Hex            28%        N/A       2%          3
d - Slow                  Hex            100%       N/A       1%          1
e - Olgreb's Toxic Radia  Pois           8%         N/A       65%         4

Your spell library contained the following spells:

 Spells                   Type           Power      Damage    Failure   Level
 Dazzling Flash           Conj/Hex       32%        N/A       10%         3
 Portal Projectile        Hex/Tloc       32%        N/A       10%         3
 Vampiric Draining        Necr           5%         2d6       36%         3
 Blade Hands              Tmut           2%         N/A       98%         5
 Conjure Ball Lightning   Conj/Air       2%         3x3d6     100%        6
 Discord                  Hex            14%        N/A       100%        8
 Disjunction              Tloc           2%         N/A       100%        8
 Ignition                 Fire           2%         3d3       100%        8


Dungeon Overview and Level Annotations

Branches:
Dungeon (4/15)
 Temple: D:4-7

Altars:

Annotations:
D:4 Robin


Innate Abilities, Weirdness & Mutations

You are very small and have problems with some larger weapons.
You are too small for most types of armour.
You have supernaturally acute eyesight. (SInv)
You cover ground extremely quickly. (Speed+++)


Message History

Press: ? - help, Shift-Dir - straight line, f - hobgoblin
Aim: a hobgoblin (strong, unable to see you, weak-willed, chance to affect: 67%)
The hobgoblin looks drowsy...
The goblin closely misses you.
The goblin hits you with a +1 dagger of venom.
You are poisoned.
The helpless hobgoblin fails to defend itself.
You skewer the hobgoblin like a kebab!!!
You kill the hobgoblin!
You feel very sick. The goblin misses you. The goblin barely misses you.
Casting: Ensorcelled Hibernation (safe; 4% risk of failure)
Confirm with . or Enter, or press ? or * to list all spells.
Aiming: Ensorcelled Hibernation (safe; 4% risk of failure)
Press: ? - help, Shift-Dir - straight line, f - goblin
Aim: a goblin, wielding a +1 dagger of venom (strong, unable to see you, weak-willed, chance to affect: 67%)
The goblin struggles to resist.
You feel sick. The goblin barely misses you. The goblin misses you.
The hobgoblin barely misses you.
Unknown command.
Casting: Ensorcelled Hibernation (safe; 4% risk of failure)
Confirm with . or Enter, or press ? or * to list all spells.
Aiming: Ensorcelled Hibernation (safe; 4% risk of failure)
Press: ? - help, Shift-Dir - straight line, f/p - goblin
Aim: a goblin, wielding a +1 dagger of venom (strong, unable to see you, weak-willed, chance to affect: 67%)
The goblin looks drowsy...
You feel sick. The goblin hits you with a +0 club.
* * * LOW HITPOINT WARNING * * *
The hobgoblin closely misses you.
The helpless goblin fails to defend itself.
You skewer the goblin like a kebab!!!
You kill the goblin!
* * * LOW HITPOINT WARNING * * *
You feel sick.
The hobgoblin no longer looks unusually strong.
The hobgoblin hits you.
* * * LOW HITPOINT WARNING * * *
The goblin hits you but does no damage.
The goblin no longer looks unusually strong.
Items here: )) ††.
* * * LOW HITPOINT WARNING * * *
You feel sick.
You die...

....).[........#.#.# #.##.##
.......#.#.#####.#.# #.....#
)).)...#'#.#####.#.############
#####.........##.#.........#
#.........##.#########.#
#####.........##.........#.#
#........#.#+###########.#.#
#........#...###########.#.#
#........##.gg).@......#.#.#
#.......##############.#.#.#
#.....<.# #########.#.#.#
#.......# #....÷....#.#<#
#.......# #.#########.######
######### #†#....#.........#
#.#)##.##.#.###.##
#.#.##.##.#.# #.#
#.#.##.##.#.###.#


You could see a hobgoblin (unable to see you, weak-willed) and a goblin (unable
to see you, weak-willed).

Vanquished Creatures
  Menkaure (D:4)
  A gnoll sergeant (D:3)
  3 hounds (D:3)
  2 gnoll boudas (D:3)
  An orc wizard (D:3)
  19 gnolls (D:3)
  5 adders
  2 worms
  2 dart slugs
  12 orcs (D:3)
  7 bats
  13 endoplasms
  4 giant cockroaches
  8 goblins
  12 hobgoblins
  17 jackals
  7 kobolds
  8 ball pythons
  3 frilled lizards (D:1)
  8 rats
135 creatures vanquished.

Vanquished Creatures (collateral kills)
  5 gnolls (D:3)
  6 orcs (D:3)
  A kobold (D:3)
12 creatures vanquished.

Vanquished Creatures (others)
  5 dancing weapons (D:3)
  A frilled lizard (D:3)
6 creatures vanquished.

Grand Total: 153 creatures vanquished

Notes
Turn   | Place    | Note
-------+----------+-------------------------------------------
     0 | D:1      | LynnLen the Spriggan Enchanter began the quest for the Orb.
     0 | D:1      | Reached XP level 1. HP: 9/9 MP: 5/5
   162 | D:1      | Reached XP level 2. HP: 5/13 MP: 6/6
   201 | D:1      | Learned a level 2 spell: Ensorcelled Hibernation
   328 | D:1      | Reached skill level 5 in Stealth
   709 | D:1      | Reached XP level 3. HP: 14/16 MP: 1/8
   773 | D:1      | Learned a level 3 spell: Confusing Touch
   777 | D:1      | Learned a level 3 spell: Tukima's Dance
  1663 | D:2      | Reached skill level 6 in Stealth
  1766 | D:2      | Reached XP level 4. HP: 21/21 MP: 10/10
  1768 | D:2      | Learned a level 1 spell: Slow
  2897 | D:3      | Reached skill level 7 in Stealth
  3243 | D:3      | Reached XP level 5. HP: 24/24 MP: 11/11
  3728 | D:3      | Reached skill level 5 in Hexes
  4035 | D:3      | Found a faded altar of an unknown god.
  4216 | D:3      | Reached skill level 8 in Stealth
  4269 | D:3      | Reached XP level 6. HP: 28/28 MP: 8/13
  4868 | D:3      | Reached skill level 9 in Stealth
  4868 | D:3      | Reached skill level 5 in Spellcasting
  4933 | D:3      | Reached XP level 7. HP: 22/32 MP: 3/15
  5710 | D:3      | Learned a level 4 spell: Olgreb's Toxic Radiance
  5862 | D:4      | Noticed Menkaure
  5864 | D:4      | Killed Menkaure
  5869 | D:4      | Noticed Robin
  5903 | D:3      | HP: 1/32 [hobgoblin[Robin] (2)]
  5906 | D:3      | Succumbed to a goblin's poison

Illustrated notes

Levels and vault maps discovered:
D:1:      reono_arrival_mine, layout_basic
D:2:      layout_basic, dreamdust_mushroom_princess,
          chequers_serial_rivers_small_a, kennysheep_generic_room_3
D:3:      lemuel_castle_with_subvaults [lemuel_castle_interior_carwin_3],
          layout_basic, shapermc_ecumenical_altar_venn,
          small_statue_intersection, minmay_three_crescents
D:4:      layout_cave_pods, slow_altar_2, mainiacjoe_overflow_catwalk,
          roderic_lattice_a, uniq_menkaure, uniq_sigmund, uniq_robin

Skill      XL: |  1  2  3  4  5  6  7 |
---------------+----------------------+-----
Hexes          | 4 5 6 |  6.4
Stealth        | 5 6 7 8 9 |  9.7
Spellcasting   | 3 4 5 |  5.9
Short Blades   | |  1.1
Dodging        | |  2.6
Ice Magic      | |  0.3
Poison Magic   | |  0.7

Action                     |  1- 3 |  4- 6 |  7- 9 || total
---------------------------+-------+-------+-------++-------
  Melee: Dagger            |   118 |   254 |    62 ||   434
         Punch             |     1 |     4 |       ||     5
   Cast: Ensorcelled Hiber |    26 |    39 |    20 ||    85
         Tukima's Dance    |       |    13 |    12 ||    25
         Slow              |       |     1 |       ||     1
         Confusing Touch   |       |     1 |       ||     1
    Use: Scroll            |     1 |       |     2 ||     3
         Potion            |       |     3 |     2 ||     5
   Stab: Sleeping          |    21 |    39 |    16 ||    76
         Distracted        |     1 |     1 |       ||     2
         Invisible         |       |     1 |       ||     1
         Confused          |       |     2 |       ||     2
 Armour: Robe              |    12 |    13 |     6 ||    31
  Dodge: Dodged            |    70 |   197 |    82 ||   349
